AoeStats
← Zephyr.H

Coastal Forest

510441394Analyzed
2v2 RM · 15h ago on Oct 1, 2026· 23m 26s· 4 players
Game mode
Random Map
Map size
Medium (4 player)
Population
200
Speed
Normal
Resources
Standard
Victory
Conquest
Starting age
Dark Age
Ending age
Imperial Age
RankedLock teamsTeams togetherTeam positionsShared explorationLock speedFull tech treeHidden civsTurbo modeCheats
Victory
Defeat
🇨🇦 Britons · Canada
980
+16
🇨🇦 Franks · Canada
980
+16
🇺🇸 Britons · United States
1000
-51
🇨🇳 Bulgarians · China
963
-15
wertyu739
6:52 Loom
9:35 Feudal Age
12:29 Fletching
21:47 Castle Age
20:06 Padded Archer Armor
19:55 Double-Bit Axe
22:09 Crossbowman
23:20 Bodkin Arrow
23:28 Horse Collar
23:54 Gold Mining
Alyosha Fyodorovich
3:13 Loom
12:41 Feudal Age
18:04 Castle Age
18:12 Double-Bit Axe
19:14 Pikeman
20:23 Bow Saw
23:03 Scale Barding Armor
BennettBMW
9:29 Loom
11:29 Feudal Age
23:00 Loom
25:19 Castle Age
Zephyr.H
0:32 Loom
12:37 Feudal Age
22:12 Fishing Lines
Connection lost

Rejoining the realm…

Still unreachable

The connection could not be restored.

Session expired

The server has moved on; the page needs a fresh start.